AoeStats
← Chungus69

Arena

504502294Analyzed
1v1 RM · 27d ago on Sep 5, 2026· 63m 58s· 2 players
Game mode
Random Map
Map size
Tiny (2 player)
Population
200
Speed
Normal
Resources
Standard
Victory
Conquest
Starting age
Dark Age
Ending age
Imperial Age
RankedLock teamsTeams togetherTeam positionsShared explorationLock speedFull tech treeHidden civsTurbo modeCheats
Victory
Defeat
🇺🇸 Italians · United States
781
+15
🇺🇸 Britons · United States
768
-23
Chungus69
13:01 Feudal Age
13:32 Double-Bit Axe
14:39 Wheelbarrow
13:56 Man-at-Arms
14:51 Horse Collar
18:26 Scale Mail Armor
26:06 Castle Age
27:06 Chain Mail Armor
27:01 Forging
26:25 Long Swordsman
26:51 Gambesons
27:41 Hand Cart
31:19 Stone Mining
31:23 Gold Mining
32:14 Iron Casting
31:43 Squires
33:56 Gold Shaft Mining
42:29 Imperial Age
44:33 Fortified Wall
44:18 Guard Tower
47:47 Keep
58:55 Heated Shot
CommonHero
10:48 Feudal Age
9:04 Loom
12:55 Double-Bit Axe
12:53 Horse Collar
16:13 Castle Age
14:09 Gold Mining
17:52 Bow Saw
20:55 Fletching
23:02 Elite Skirmisher
24:59 Heavy Plow
24:51 Stone Mining
26:57 Crossbowman
30:28 Imperial Age
29:23 Thumb Ring
31:42 Ballistics
32:24 Chemistry
31:22 Bodkin Arrow
31:27 Padded Archer Armor
32:14 Pikeman
34:30 Two-Man Saw
34:52 Bracer
35:07 Leather Archer Armor
45:07 Conscription
46:49 Fervor
52:46 Wheelbarrow
51:59 Town Watch
52:52 Ring Archer Armor
52:46 Town Patrol
53:40 Stone Shaft Mining
53:42 Hand Cart
58:44 Onager
59:56 Treadmill Crane
60:28 Fortified Wall
60:31 Masonry
Connection lost

Rejoining the realm…

Still unreachable

The connection could not be restored.

Session expired

The server has moved on; the page needs a fresh start.